 Dungeon Crawl Stone Soup version 0.27-a0-92-g39ad13b146 (webtiles) character file.

Game seed: 14029511616715440587

37 knot the Chopper (level 3, 2/43 HPs)
             Began as a Demonspawn Berserker on Jan 16, 2021.
             Was a Follower of Trog.
             Quit the game on level 2 of the Dungeon.
             The game lasted 00:00:26 (392 turns).

knot the Chopper (Demonspawn Berserker)              Turns: 392, Time: 00:00:27

Health: 2/43       AC:  2    Str: 17    XL:     3   Next: 21%
Magic:  3/3        EV: 16    Int:  9    God:    Trog [*.....]
Gold:   21         SH:  0    Dex: 12    Spells: 2/2 levels left

rFire    + . .     SeeInvis .   f - +0 war axe
rCold    . . .     Faith    .   (no shield)
rNeg     . . .     Spirit   .   b - +0 animal skin
rPois    .         Reflect  .   (no helmet)
rElec    .         Harm     .   (no cloak)
rCorr    .         Rampage  .   (no gloves)
Will     .....                  (no boots)
Stlth    ..........             (no amulet)
HPRegen  0.14/turn              a - +4 ring of evasion
MPRegen  0.08/turn              (no ring)

@: berserking (expiring), very quick
A: fire resistance 1, sturdy frame 1
a: Renounce Religion, Berserk


You were on level 2 of the Dungeon.
You worshipped Trog.
Trog was aware of your devotion.
You visited 1 branch of the dungeon, and saw 2 of its levels.

You collected 21 gold pieces.

Inventory:

Hand Weapons
 f - a +0 war axe (weapon)
Missiles
 d - 11 stones
Armour
 b - a +0 animal skin (worn)
Jewellery
 a - a +4 ring of evasion (left hand)
Scrolls
 e - 2 scrolls of remove curse {unknown}
Potions
 c - a potion of brilliance {unknown}


   Skills:
 - Level 3.0 Fighting
 + Level 4.0 Axes
 - Level 1.7 Armour
 - Level 1.7 Dodging


You had 2 spell levels left.
You didn't know any spells.
Your spell library was empty.

Dungeon Overview and Level Annotations

Branches:
Dungeon (2/15)

Altars:
Makhleb
Nemelex Xobeh


Innate Abilities, Weirdness & Mutations

Your flesh is heat resistant. (rF+)
Your movements are slightly less encumbered by armour. (ER -2)


Message History

The hound misses you.
You closely miss the hound.
The hound is heavily wounded.
The hound closely misses you.
You closely miss the hound.
The hound is heavily wounded.
The hound barely misses you. The hound closely misses you.
You slash the hound!
You kill the hound!
Trog accepts your kill.
Your Axes skill increases to level 4!
You have reached level 2!
Your demonic ancestry asserts itself...
You feel resistant to heat.
You have reached level 3!
Your experience leads to an increase in your attributes!
Increase (S)trength, (I)ntelligence, or (D)exterity?
You feel clever.
Your demonic ancestry asserts itself...
You feel less encumbered by your armour.
Are you sure you want to abandon this character and quit the game? (Confirm with "yes".)

###.....# ##'##
#.......# #.#
#.#.....# #.#
#.#.##..# ####.###
##.#.....# #.......
#........# #......#
#........# #.#..>##
#.######.###.##....
#.@# #........##
#.....# ###.##.##
#...._∩# #.##.###
#.....## #.......
###...# ####.###
#### #.# #.#
##############.##
#......#........##


There were no monsters in sight!

Vanquished Creatures
  A hound (D:2)
  A giant cockroach (D:2)
  A hobgoblin (D:1)
  A bat (D:2)
  2 kobolds
  3 rats (D:2)
9 creatures vanquished.

Notes
Turn   | Place    | Note
-------+----------+-------------------------------------------
     0 | D:1      | knot the Demonspawn Berserker began the quest for the Orb.
     0 | D:1      | Reached XP level 1. HP: 18/18 MP: 1/1
   102 | D:1      | You fall into a shaft and drop 1 floor!
   113 | D:2      | Reached skill level 3 in Axes
   123 | D:2      | Found a sparkling altar of Nemelex Xobeh.
   380 | D:2      | Found a burning altar of Makhleb.
   380 | D:2      | Noticed a hound
   387 | D:2      | HP: 1/27 [hound (4)]
   391 | D:2      | Killed a hound
   392 | D:2      | Reached skill level 4 in Axes
   392 | D:2      | Gained mutation: Your flesh is heat resistant. (rF+)
                  | [demonic ancestry]
   392 | D:2      | Reached XP level 2. HP: 1/24 MP: 2/2
   392 | D:2      | Gained mutation: Your movements are slightly less
                  | encumbered by armour. (ER -2) [demonic ancestry]
   392 | D:2      | Reached XP level 3. HP: 2/29 MP: 3/3
   392 | D:2      | Quit the game

Illustrated notes

Levels and vault maps discovered:
D:1:      dpeg_arrival_arbitrary_a, layout_basic, palyth_stone_intersect
D:2:      layout_loops_corners, makhleb_heckhound_becter,
          nicolae_tso_swordbearing_angel, lemuel_doored_altar

Skill      XL: |  1 |
---------------+----+-----
Axes           | 4 |  4.0
Fighting       | |  3.0
Armour         | |  1.7
Dodging        | |  1.7

Action                   || total
-------------------------++-------
Melee: Hand axe          ||    15
       War axe           ||    11
Invok: Berserk           ||     1
Armor: Animal skin       ||     2
Dodge: Dodged            ||    20

Table legend: (Time is in decaauts)
 A = Elapsed time spent in this place.
 B = Non-inter-level travel time spent in this place.
 C = Inter-level travel time spent in this place.
 D = Time resting spent in this place.
 E = Time spent auto-exploring this place.
 F = Levels seen in this place.
 G = Mean time per level.
                   A        B        C        D        E       F      G
               +--------+--------+--------+--------+--------+-----+--------+
         Total |    394 |    394 |      0 |      0 |    336 |   2 |  197.0 |
       Dungeon |    394 |    394 |      0 |      0 |    336 |   2 |  197.0 |
               +--------+--------+--------+--------+--------+-----+--------+

Top non-repeatable levels by time:
     D:2: 291 daAuts
     D:1: 102 daAuts
